 Dungeon Crawl Stone Soup version 0.28-a0-1429-gf3d713df7a (webtiles) character file.

Game seed: 7215532189324077032

308 YayAnonymity the Vandal (level 6, -4/44 HPs)
             Began as a Demonspawn Hunter on Jan 9, 2022.
             Slain by an ogre (29 damage)
             ... on level 3 of the Dungeon.
             The game lasted 00:06:44 (3173 turns).

YayAnonymity the Vandal (Demonspawn Hunter)         Turns: 3173, Time: 00:06:44

Health: -4/44      AC:  3    Str: 15    XL:     6   Next: 17%
Magic:  6/6        EV: 12    Int: 12    God:
Gold:   54         SH:  0    Dex: 13    Spells: 5/5 levels left

rFire   . . .      SeeInvis .   b - +1 long sword (drain)
rCold   . . .      Faith    .   (no shield)
rNeg    . . .      Spirit   .   c - +0 leather armour
rPois   .          Reflect  .   (no helmet)
rElec   .          Harm     .   (no cloak)
rCorr   .          Rampage  .   (no gloves)
Will    .....                   (no boots)
Stlth   ++........              (no amulet)
HPRegen 0.14/turn               (no ring)
MPRegen 0.10/turn               (no ring)

@: no status effects
A: claws 1, demonic guardian 1, ignite blood 2
a: no special abilities


You were on level 3 of the Dungeon.
You visited 1 branch of the dungeon, and saw 4 of its levels.

You collected 164 gold pieces.
You spent 110 gold pieces at shops.

Inventory:

Hand Weapons
 a - a +0 hunting sling of freezing
 b - a +1 long sword of draining (weapon)
 t - a -1 fustibalus
Missiles
 d - 38 sling bullets
 e - 17 stones (quivered)
 g - 29 poisoned darts
Armour
 c - a +0 leather armour (worn)
Scrolls
 f - a scroll of magic mapping {unknown}
 h - a scroll of fear {unknown}
 o - a scroll of identify {unknown}
 p - a scroll of noise {unknown}
 q - a scroll of immolation {unknown}
 r - a scroll of teleportation {unknown}
 s - a scroll of amnesia {unknown}
Potions
 i - 2 potions of curing {unknown}
 j - 2 potions of heal wounds {unknown}
 k - a potion of berserk rage {unknown}
 l - a potion of lignification {unknown}
 m - a potion of cancellation {unknown}
 n - 2 potions of flight {unknown}


   Skills:
 - Level 2.0 Fighting
 * Level 5.6 Slings
 + Level 3.3 Dodging
 + Level 2.6 Stealth


You had 5 spell levels left.
You didn't know any spells.
Your spell library was empty.

Dungeon Overview and Level Annotations

Branches:
Dungeon (4/15)
 Temple: D:4-7

Altars:
Elyvilon
Fedhas
Hepliaklqana
Kikubaaqudgha
Uskayaw
Xom
The Shining One

Shops:
D:4 *


Innate Abilities, Weirdness & Mutations

You have sharp fingernails.
A weak demonic guardian rushes to your aid.
Your demonic aura often causes spilled blood to erupt in flames.


Message History

An ogre comes into view. It is wielding a +0 giant club.
You feel sick.
The ogre shouts!
The kobold brigand hits you with a +0 whip.
Really attack while wielding your +0 hunting sling of freezing? [Y]es or [N]o only, please.
Really attack while wielding your +0 hunting sling of freezing? [Y]es or [N]o only, please.
Really attack while wielding your +0 hunting sling of freezing?
Okay, then.
Your +0 hunting sling of freezing stops glowing.
You sense an unholy aura.
b - a +1 long sword of draining (weapon)
You feel sick.
You slash the kobold brigand!
The kobold brigand is almost dead.
You feel sick.
The kobold brigand is engulfed in blazing flames.
You kill the kobold brigand!
You have reached level 6!
You feel sick.
Unknown command.
You feel sick.
You feel sick.
You feel sick.
You feel sick.
You are no longer poisoned.
Things that are here:
a +0 whip; 2 poisoned darts; a sling bullet
Things that are here:
a sling bullet; a +0 ring mail
There is a stone staircase leading up here.
You climb upwards.
There is a stone staircase leading down, spattered with blood here.
You hit the ogre.
The ogre is lightly wounded.
The ogre is engulfed in blazing flames.
The ogre hits you with a +0 giant club!!
Ouch! That really hurt!
You die...

#.........## #####.#####
######.### #........#
#.####.#.####### # #.#
#.#.#.....#
######.####.#.#.###.#########
................รท##.#..)....#
.#####.###....#.@##.#.#####.#
.# #........#O.##.#.#####.# .#
#####...##..........##.# .#
##.###.....#.##.##.# .# #.#
#######.##.##.# .# #.#
#.......# ## ##'## ####.#### #
##...## #...# ### ##.....##
####.#.#


You could see an ogre.

Vanquished Creatures
  An ogre (D:4)
  A kobold brigand (D:4)
  An orc priest (D:3)
  3 adders (D:4)
  2 dart slugs
  11 orcs (D:3)
  A ball python (D:3)
  6 endoplasms
  4 giant cockroaches
  9 hobgoblins
  6 jackals
  2 quokkas
  3 bats
  A frilled lizard (D:2)
  5 goblins
  5 kobolds
  5 rats
66 creatures vanquished.

Vanquished Creatures (collateral kills)
  An adder (D:4)
1 creature vanquished.

Grand Total: 67 creatures vanquished

Notes
Turn   | Place    | Note
-------+----------+-------------------------------------------
     0 | D:1      | YayAnonymity the Demonspawn Hunter began the quest for the
                  | Orb.
     0 | D:1      | Reached XP level 1. HP: 16/16 MP: 1/1
   395 | D:1      | Gained mutation: A weak demonic guardian rushes to your
                  | aid. [demonic ancestry]
   395 | D:1      | Reached XP level 2. HP: 22/22 MP: 2/2
   418 | D:1      | Reached skill level 4 in Slings
   797 | D:1      | Found a faded altar of an unknown god.
  1148 | D:2      | Gained mutation: Your demonic aura sometimes causes spilled
                  | blood to erupt in flames. [demonic ancestry]
  1148 | D:2      | Reached XP level 3. HP: 26/27 MP: 3/3
  1718 | D:3      | Reached skill level 1 in Stealth
  1958 | D:3      | Gained mutation: You have sharp fingernails. [demonic
                  | ancestry]
  1958 | D:3      | Reached XP level 4. HP: 33/33 MP: 4/4
  2699 | D:4      | Found an ancient bone altar of Kikubaaqudgha.
  2699 | D:4      | Noticed a kobold brigand
  2810 | D:4      | Found a hide-covered altar of Uskayaw.
  2861 | D:4      | Found a shimmering altar of Xom.
  2861 | D:4      | Found a blossoming altar of Fedhas.
  2960 | D:4      | Found a hazy altar of Hepliaklqana.
  2986 | D:4      | Found Pupakh Xulu's Lightly-Used Armoury.
  2997 | D:4      | Reached skill level 5 in Slings
  2998 | D:4      | Gained mutation: Your demonic aura often causes spilled
                  | blood to erupt in flames. [demonic ancestry]
  2998 | D:4      | Reached XP level 5. HP: 27/38 MP: 5/5
  3114 | D:4      | Bought a -1 fustibalus for 110 gold pieces
  3118 | D:4      | Noticed an ogre
  3122 | D:4      | Killed an ogre
  3158 | D:4      | Noticed an ogre
  3161 | D:4      | Reached XP level 6. HP: 29/44 MP: 6/6
  3173 | D:3      | Slain by an ogre

Illustrated notes

Levels and vault maps discovered:
D:1:      dpeg_arrival_rooms_a, layout_basic,
          dreamdust_ecumenical_altar_hidden_monk_grotto
D:2:      layout_rooms, kennysheep_generic_room_4
D:3:      layout_loops_corners
D:4:      layout_rooms, nicolae_overflow_hidden_temple,
          chequers_temple_overflow_statue_of_worship, minmay_shop_damaged,
          st_stairs_10

Skill      XL: |  1  2  3  4  5 |
---------------+----------------+-----
Dodging        | 2 3 |  3.3
Slings         | 4 5 |  5.6
Stealth        | 1 2 |  2.6
Fighting       | |  2.0

Action                   |  1- 3 |  4- 6 || total
-------------------------+-------+-------++-------
Melee: Long sword        |    28 |    37 ||    65
 Fire: Hunting sling     |    95 |    29 ||   124
       Fustibalus        |       |     7 ||     7
 Stab: Sleeping          |       |     2 ||     2
Armor: Leather armour    |    10 |    21 ||    31
Dodge: Dodged            |    36 |    33 ||    69

Table legend: (Time is in decaauts)
 A = Elapsed time spent in this place.
 B = Non-inter-level travel time spent in this place.
 C = Inter-level travel time spent in this place.
 D = Time resting spent in this place.
 E = Time spent auto-exploring this place.
 F = Levels seen in this place.
 G = Mean time per level.
                   A        B        C        D        E       F      G
               +--------+--------+--------+--------+--------+-----+--------+
         Total |   3196 |   2856 |    340 |      0 |   2194 |   4 |  799.0 |
       Dungeon |   3196 |   2856 |    340 |      0 |   2194 |   4 |  799.0 |
               +--------+--------+--------+--------+--------+-----+--------+

Top non-repeatable levels by time:
     D:3: 1222 daAuts
     D:1: 1007 daAuts
     D:2: 555 daAuts
     D:4: 411 daAuts
